cohdb
Replays
Latest Replays
All Replays
Popular Replays
Top Player Replays
Match Explorer
How It Works
Community
CoH3 Stats
Reddit
Sign in to upload your games and track your stats! →
Sign in with Steam
Match 45382543
Unlisted
Match 45382543
Overview
Messages
Build Orders
End
Construct Infanterie Kompanie
Selects Italian Coastal Battlegroup
Selects Coastal Reserves
Coastal Reserve
Coastal Reserve
GrW 34 Mortar Team
Coastal Reserve
Infanterie Officer Quarters
Selects Artillery Officer
Artillery Officer
Construct Luftwaffe Kompanie
Construct Panzergrenadier Kompanie
Coastal Reserve
Kettenkrad Recon Vehicle
Pak 40 Anti-tank Gun Team
Pak 40 Anti-tank Gun Team
Selects Obice da 210/22 Artillery Emplacement
Construct Panzer Kompanie
Sturmpanzer IV Brummbär
Jm200092
BusanStyle
krispykreme34
ceremoney
Oreo
loner
Zeal
18918848
0
0
Comments
sign in to comment!
No comments posted yet!